 Dungeon Crawl Stone Soup version 0.19.5 (webtiles) character file.

6356 Chifra the Transmogrifier (level 10, -1/86 HPs)
             Began as a Black Draconian Transmuter on Apr 14, 2017.
             Was a Believer of Sif Muna.
             Hit by a large rock thrown by a stone giant (46 damage)
             ... on level 1 of the Orcish Mines.
             The game lasted 00:44:34 (14658 turns).

Chifra the Transmogrifier (DrTm)                   Turns: 14658, Time: 00:44:34

Health: -1/86      AC:  2    Str: 13    XL:     10   Next: 65%
Magic:  17/19      EV: 24    Int: 16    God:    Sif Muna [**....]
Gold:   742        SH:  0    Dex: 17    Spells: 5 memorised, 7 levels left

rFire  . . .     SeeInvis +       - Unarmed
rCold  . . .     Gourm    .     (armour unavailable)
rNeg   . . .     Faith    .     (shield currently unavailable)
rPois  x         Spirit   .     (helmet currently unavailable)
rElec  .         Reflect  .     (cloak currently unavailable)
rCorr  .         Harm     .     (gloves currently unavailable)
MR     .....                    (boots currently unavailable)
Stlth  ++........               p - amulet of regeneration
                                (no ring)
                                t - ring of see invisible

@: spider-form (expiring), very slightly contaminated, hasted, very quick
A: (breathe lightning), unfitting armour, (electricity resistance),
(cold-blooded), AC +7
a: End Transformation, Divine Energy, Renounce Religion


You were on level 1 of the Orcish Mines.
You worshipped Sif Muna.
Sif Muna was pleased with you.
You were not hungry.
You were a venomous arachnid creature.
You visited 3 branches of the dungeon, and saw 12 of its levels.
You also visited: Ossuary.

You collected 742 gold pieces.

Inventory:

Missiles
 a - 126 arrows
Armour
 s - a +0 pair of boots (melded)
 w - a +0 cloak (melded)
 z - a +1 pair of gloves (melded)
Jewellery
 p - an amulet of regeneration (around neck)
 t - a ring of see invisible (left front leg)
Wands
 q - a wand of acid (10/15)
Scrolls
 i - 3 scrolls of recharging
 k - 3 scrolls of remove curse
 y - 2 scrolls of identify
Potions
 d - 3 potions of invisibility
 f - a potion of cure mutation
 h - a potion of curing
 m - a potion of might
Books
 b - a book of Changes

   Spells                             Type                      Level
   a - Beastly Appendage              Transmutation                1
   b - Sticks to Snakes               Transmutation                2
   c - Spider Form                    Transmutation/Poison         3
   d - Ice Form                       Ice/Transmutation            4
   e - Blade Hands                    Transmutation                5
 g - a book of Minor Magic

   Spells                             Type                      Level
   a - Magic Dart                     Conjuration                  1
   b - Blink                          Translocation                2
   c - Call Imp                       Summoning                    2
   d - Repel Missiles                 Charms/Air                   2
   e - Slow                           Hexes                        2
   f - Conjure Flame                  Conjuration/Fire             3
   g - Mephitic Cloud                 Conjuration/Poison/Air       3
Comestibles
 c - 6 bread rations
 x - 5 meat rations


   Skills:
 + Level 7.4 Fighting
 + Level 6.1 Dodging
 + Level 7.2 Unarmed Combat
 + Level 6.1 Spellcasting
 - Level 1.0 Conjurations
 - Level 1.0 Charms
 - Level 9.0 Transmutations
 + Level 3.7 Air Magic
 - Level 1.2 Poison Magic


You had 7 spell levels left.
You knew the following spells:

 Your Spells              Type           Power        Failure   Level  Hunger
a - Beastly Appendage     Tmut           ####..       3%          1    None
b - Spider Form           Tmut/Pois      ###.......   17%         3    ##.....
c - Blade Hands           Tmut           ####......   28%         5    ######.
d - Repel Missiles        Chrm/Air       ##....       24%         2    #......
e - Mephitic Cloud        Conj/Pois/Air  ##......     36%         3    ##.....


Dungeon Overview and Level Annotations

Branches:
Dungeon (9/15)             Temple (1/1) D:7            Lair (0/6) D:8
    Orc (2/2) D:9             Elf (0/3) Orc:2

Altars:
Ashenzari
Cheibriados
Dithmenos
Elyvilon
Fedhas
Gozag
Hepliaklqana
Kikubaaqudgha
Makhleb
Nemelex Xobeh
Okawaru
Qazlal
Ru
Sif Muna
Trog
Uskayaw
Vehumet
Xom
Yredelemnul
Zin
The Shining One

Annotations:
D:7 Joseph


Innate Abilities, Weirdness & Mutations

((You can breathe wild blasts of lightning.))
((Your glossy black scales are hard. (AC +7)))
You cannot fit into any form of body armour.
((You are resistant to electric shocks. (rElec)))
((You are cold-blooded and may be slowed by cold attacks.))


Message History

The orc wizard mumbles some strange words.
The orc wizard blinks!
The orc wizard casts a spell at you. The puff of flame hits you!
The orc wizard points at you and mumbles some strange words.
The magic dart hits you!
You kill the orc wizard!
Sif Muna accepts your kill.
Found 13 gold pieces.
A stone giant comes into view.
The stone giant shouts!
Your transformation is almost over.
The stone giant throws a large rock.
The large rock barely misses you.
An orc comes into view. It is wielding a hand axe.
The stone giant throws a large rock.
The large rock misses you.
The orc shouts!
The orc shouts!
The stone giant throws a large rock.
The large rock hits you!!!
Ouch! That really hurt!
You die...

##.## ### ....####.##
##....##...#
.##..#.C.#...##
..............#
..............###
#................#....##.##
......#.........s...#.#...#
.........................#
#....$......$....o(.....#
##...........o...........#
#...............oo.O.....#
..#...o....o......##o....##
.......o.>................#
....o........$...........##
.....o..(..........>.....##


You could see a stone giant, an orc warrior, an ogre, an orc wizard and 4 orcs.

Vanquished Creatures
  Erica (D:9)
  Grinder (D:4)
  A two-headed ogre (D:9)
  Prince Ribbit (D:8)
  A spriggan (D:9)
  A wyvern (D:7)
  A hungry ghost (D:7)
  2 wargs (D:9)
  A water moccasin (D:9)
  A black bear (D:7)
  4 orc warriors
  2 ice beasts
  2 phantoms
  An eye of draining (D:8)
  7 ogres
  3 centaurs
  A big kobold (D:9)
  3 elf zombies
  2 bullfrogs
  An elf skeleton (D:4)
  2 scorpions
  A vampire bat (D:7)
  3 howler monkeys (D:7)
  6 crimson imps
  A centaur zombie (Ossuary)
  2 bullfrog zombies
  3 hounds
  7 orc priests
  A jelly (D:5)
  14 orc wizards
  2 bullfrog skeletons
  2 human zombies
  3 iguanas
  9 worker ants
  A big kobold zombie (Ossuary)
  3 hound zombies
  3 mummies (Ossuary)
  A worker ant zombie (D:8)
  3 gnolls
  12 adders
  A shadow imp (D:5)
  6 adder zombies
  2 worms
  A dart slug (D:5)
  4 leopard geckos
  53 orcs
  A ball python (D:1)
  4 bat skeletons (D:7)
  3 bat zombies (D:7)
  10 giant cockroaches
  A gnoll zombie (Ossuary)
  9 goblins
  9 hobgoblins
  15 jackals
  11 kobolds
  2 quokkas
  8 bats
  3 frilled lizards
  7 goblin zombies (Ossuary)
  5 hobgoblin zombies (Ossuary)
  4 jackal zombies
  A kobold zombie (Ossuary)
  An orc skeleton (D:4)
  3 orc zombies
  5 quokka zombies (Ossuary)
  4 rats (D:3)
  3 rat zombies (Ossuary)
292 creatures vanquished.

Vanquished Creatures (others)
  2 plants (D:8)
2 creatures vanquished.

Grand Total: 294 creatures vanquished

Notes
Turn   | Place    | Note
-------+----------+-------------------------------------------
     0 | D:1      | Chifra the Draconian Transmuter began the quest for the Orb.
     0 | D:1      | Reached XP level 1. HP: 16/16 MP: 3/3
   673 | D:1      | Reached XP level 2. HP: 15/23 MP: 3/5
   806 | D:1      | Reached skill level 3 in Transmutations
  1092 | D:1      | Reached XP level 3. HP: 8/28 MP: 4/6
  1100 | D:1      | Learned a level 3 spell: Spider Form
  1325 | D:2      | Reached skill level 4 in Transmutations
  1645 | D:2      | Reached XP level 4. HP: 28/35 MP: 2/7
  1704 | D:2      | Found a basalt altar of Yredelemnul.
  2280 | D:3      | Reached XP level 5. HP: 26/41 MP: 4/8
  3965 | D:4      | Reached XP level 6. HP: 6/50 MP: 7/10
  4376 | D:4      | Found a sand-covered staircase.
  4427 | Ossuary  | Entered an ossuary
  5191 | Ossuary  | Reached skill level 5 in Transmutations
  5191 | Ossuary  | Your scales start taking on a glossy black colour.
  5191 | Ossuary  | Reached XP level 7. HP: 15/57 MP: 6/11
  5191 | Ossuary  | Gained mutation: You are resistant to electric shocks. (rElec) [Black Draconian growth]
  7556 | D:4      | Noticed Grinder
  7574 | D:4      | Killed Grinder
  7574 | D:4      | Reached XP level 8. HP: 46/67 MP: 11/14
  7622 | D:4      | Reached skill level 5 in Unarmed Combat
  7683 | D:5      | Entered Level 5 of the Dungeon
  8413 | D:5      | Reached skill level 6 in Transmutations
  8590 | D:5      | Reached skill level 5 in Fighting
  8785 | D:5      | Learned a level 5 spell: Blade Hands
  9012 | D:5      | Found a snail-covered altar of Cheibriados.
  9448 | D:6      | Reached XP level 9. HP: 59/74 MP: 12/16
  9661 | D:6      | Reached skill level 5 in Dodging
  9669 | D:6      | Reached skill level 5 in Spellcasting
 11165 | D:7      | Learned a level 2 spell: Repel Missiles
 11169 | D:7      | Learned a level 3 spell: Mephitic Cloud
 11173 | D:7      | Found a staircase to the Ecumenical Temple.
 11182 | Temple   | Entered the Ecumenical Temple
 11326 | Temple   | Became a worshipper of Sif Muna the Loreminder
 11470 | D:7      | Found an ancient bone altar of Kikubaaqudgha.
 11574 | D:7      | Reached skill level 1 in Air Magic
 11639 | D:7      | Reached skill level 7 in Transmutations
 11868 | D:7      | Noticed Joseph
 11875 | D:8      | Noticed Prince Ribbit
 11887 | D:8      | Killed Prince Ribbit
 12439 | D:8      | Reached * piety under Sif Muna
 12630 | D:8      | Found a staircase to the Lair.
 12631 | D:8      | Noticed a komodo dragon
 12813 | D:9      | Found a shattered altar of Ashenzari.
 12813 | D:9      | Found a basalt altar of Yredelemnul.
 12851 | D:9      | Found a sacrificial altar of Ru.
 12885 | D:9      | Noticed an unseen horror
 12892 | D:9      | Reached XP level 10. HP: 50/86 MP: 16/18
 13329 | D:9      | Reached skill level 1 in Poison Magic
 13648 | D:9      | Found a staircase to the Orcish Mines.
 13655 | D:9      | Reached skill level 1 in Charms
 13681 | D:9      | Noticed Erica
 13693 | D:9      | Killed Erica
 13693 | D:9      | Reached ** piety under Sif Muna
 13693 | D:9      | Reached skill level 8 in Transmutations
 13923 | D:9      | Reached skill level 9 in Transmutations
 14039 | D:9      | Reached skill level 1 in Conjurations
 14236 | Orc:1    | Entered Level 1 of the Orcish Mines
 14254 | Orc:1    | Found a radiant altar of Vehumet.
 14257 | Orc:1    | Noticed an orc sorcerer
 14529 | Orc:2    | Entered Level 2 of the Orcish Mines
 14651 | Orc:1    | Noticed a stone giant
 14658 | Orc:1    | Hit by a large rock thrown by a stone giant

Skill      XL: |  1  2  3  4  5  6  7  8  9 10 |
---------------+-------------------------------+-----
Transmutations | 3 4 5 6 7 9 |  9.0
Dodging        | 2 3 4 5 6 |  6.1
Fighting       | 2 3 4 5 7 |  7.4
Unarmed Combat | 4 5 6 7 |  7.2
Spellcasting   | 3 4 5 6 |  6.1
Air Magic      | 3 |  3.7
Poison Magic   | 1 |  1.2
Charms         | 1 |  1.0
Conjurations   | 1 |  1.0

Action                   |  1- 3 |  4- 6 |  7- 9 | 10-12 || total
-------------------------+-------+-------+-------+-------++-------
Melee: Unarmed           |   132 |   380 |   664 |   203 ||  1379
       Tailslap          |    11 |    24 |    31 |     7 ||    73
       Kick              |     6 |       |       |       ||     6
       Headbutt          |     2 |       |       |       ||     2
       Punch             |     1 |     1 |     2 |       ||     4
 Cast: Beastly Appendage |     4 |       |       |       ||     4
       Spider Form       |     2 |    21 |    53 |    20 ||    96
       Repel Missiles    |       |       |     1 |     1 ||     2
       Mephitic Cloud    |       |       |       |     3 ||     3
 Abil: End Transformatio |       |       |       |     3 ||     3
  Use: Scroll            |       |     2 |    12 |     4 ||    18
       Potion            |       |     1 |     4 |     2 ||     7
 Stab: Sleeping          |       |     4 |     3 |       ||     7
       Invisible         |       |     1 |       |       ||     1
       Confused          |       |       |       |     1 ||     1
  Eat: Chunk             |     3 |    10 |    20 |     7 ||    40
       Bread ration      |       |     1 |     2 |       ||     3
       Fruit             |       |       |     3 |       ||     3
       Pizza             |       |       |     1 |     1 ||     2
Armor: Skin              |    52 |    79 |   108 |    19 ||   258
Dodge: Dodged            |   100 |   262 |   539 |   155 ||  1056
       Deflected         |       |       |     1 |     1 ||     2
